 Dungeon Crawl Stone Soup version 0.28-a0-1235-g7c8fac35f0 (webtiles) character file.

Game seed: 8367239140848943036

6101 r3xj the Cleaver (level 10, -6/93 HPs)
             Began as a Minotaur Fighter on Dec 24, 2021.
             Was a Priest of Okawaru.
             Mangled by a slime creature (11 damage)
             ... on level 8 of the Dungeon.
             The game lasted 00:20:59 (10512 turns).

r3xj the Cleaver (Minotaur Fighter)                Turns: 10512, Time: 00:20:59

Health: -6/93      AC: 10    Str: 25    XL:     10   Next: 58%
Magic:  7/9        EV: 13    Int:  5    God:    Okawaru [***...]
Gold:   431        SH: 12    Dex: 10    Spells: 9/9 levels left

rFire   . . .      SeeInvis .   a - +0 war axe
rCold   . . .      Faith    .   c - +0 buckler
rNeg    + . .      Spirit   .   u - +0 scale mail
rPois   .          Reflect  +   (helmet restricted)
rElec   .          Harm     .   D - +0 cloak
rCorr   .          Rampage  .   (no gloves)
Will    .....                   (no boots)
Stlth   +.........              F - amulet of reflection
HPRegen 0.25/turn               f - ring of positive energy
MPRegen 0.11/turn               G - +4 ring of slaying

@: heroic
A: horns 2, retaliatory headbutt
a: Renounce Religion, Heroism


You were on level 8 of the Dungeon.
You worshipped Okawaru.
Okawaru was most pleased with you.
You visited 2 branches of the dungeon, and saw 9 of its levels.

You collected 431 gold pieces.

Inventory:

Hand Weapons
 a - a +0 war axe (weapon)
 b - the +9 shortbow "Qycrer" {vorpal, rC+ Str+3 Int+3}
   (You found it on level 5 of the Dungeon)

   Any ammunition fired from it inflicts extra damage upon your enemies.
   Str:       It affects your strength (+3).
   Int:       It affects your intelligence (+3).
   rC:        It protects you from cold.
 x - a +1 flail of protection
 C - a +3 quarterstaff of chaos
 J - a +4 halberd
Missiles
 j - 12 poisoned darts (quivered)
 w - 66 arrows
Armour
 c - a +0 buckler (worn)
 i - a +0 kite shield
 u - a +0 scale mail (worn)
 D - a +0 cloak (worn)
Jewellery
 f - a ring of positive energy (left hand)
 y - a +6 ring of strength
 B - a ring of ice
 E - a ring of positive energy
 F - an amulet of reflection (around neck)
 G - a +4 ring of slaying (right hand)
 K - a ring of positive energy
 L - a ring of see invisible
Scrolls
 e - 13 scrolls of identify {unknown}
 h - 3 scrolls of magic mapping {unknown}
 l - 2 scrolls of amnesia {unknown}
 m - 4 scrolls of noise {unknown}
 o - 2 scrolls of fear {unknown}
 p - 2 scrolls of acquirement {unknown}
 r - a scroll of teleportation {unknown}
 t - a scroll of blinking {unknown}
 H - a scroll of enchant weapon {unknown}
 M - 2 scrolls of fog {unknown}
 N - a scroll of vulnerability {unknown}
Potions
 d - 2 potions of might
 g - 3 potions of attraction {unknown}
 k - 4 potions of curing {unknown}
 n - 3 potions of lignification {unknown}
 q - 3 potions of berserk rage {unknown}
 s - 3 potions of magic {unknown}
 v - a potion of heal wounds {unknown}
 z - 3 potions of brilliance {unknown}
 A - 2 potions of cancellation {unknown}
 I - a potion of degeneration {unknown}


   Skills:
 + Level 9.8(14.8) Fighting
 * Level 12.9(17.9) Axes
 - Level 5.0(10.0) Armour
 - Level 5.0(10.0) Dodging
 + Level 9.7(14.7) Shields


You had 9 spell levels left.
You didn't know any spells.
Your spell library contained the following spells:

 Spells                   Type           Power      Damage    Failure   Level
 Shock                    Conj/Air       0%         1d3       73%         1
 Slow                     Hex            0%         N/A       73%         1
 Ensorcelled Hibernation  Hex/Ice        0%         N/A       86%         2
 Static Discharge         Conj/Air       0%         N/A       86%         2
 Confusing Touch          Hex            0%         N/A       97%         3
 Gell's Gravitas          Tloc           0%         N/A       97%         3
 Lesser Beckoning         Tloc           0%         N/A       97%         3
 Swiftness                Air            0%         N/A       97%         3
 Teleport Other           Tloc           0%         N/A       97%         3
 Vampiric Draining        Necr           0%         2d6       97%         3
 Airstrike                Air            0%         N/A       100%        4
 Dispel Undead            Necr           0%         3d6       100%        4
 Passage of Golubria      Tloc           0%         N/A       100%        4
 Sticky Flame             Conj/Fire      0%         2d3       100%        4
 Silence                  Hex/Air        0%         N/A       100%        5
 Lehudib's Crystal Spear  Conj/Erth      0%         10d2      100%        8
 Tukima's Dance           Hex            Unusable   N/A       N/A         3

Dungeon Overview and Level Annotations

Branches:
Dungeon (8/15)             Temple (1/1) D:5            Lair (0/6) D:8

Altars:
Ashenzari
Cheibriados
Dithmenos
Elyvilon
Fedhas
Gozag
Hepliaklqana
Kikubaaqudgha
Makhleb
Nemelex Xobeh
Okawaru
Qazlal
Ru
Sif Muna
Trog
Uskayaw
Vehumet
Wu Jian
Xom
Yredelemnul
Zin
The Shining One


Innate Abilities, Weirdness & Mutations

You have a pair of horns on your head.
You reflexively headbutt those who attack you in melee.


Message History

The slime creature is heavily wounded.
The slime creature hits you!
A slime creature comes into view.
You slash the slime creature!
The slime creature is severely wounded.
The slime creature hits you!
A slime creature comes into view.
You are too injured to fight recklessly!
You are too injured to fight recklessly!
You are too injured to fight recklessly!
You are too injured to fight recklessly!
Two slime creatures merge to form a large slime creature.
The slime creature hits you.
You completely miss the slime creature. You headbutt the slime creature.
The slime creature is severely wounded.
The slime creature hits you!
* * * LOW HITPOINT WARNING * * *
You slice the slime creature!!
You kill the slime creature!
Okawaru accepts your kill.
There is an open door here.
Things that are here:
a +0 war axe; a +0 robe
Items here: )) [ †.
There is an open door here.
A large slime creature splits.
You hit the slime creature. You headbutt the slime creature!
The slime creature is moderately wounded.
You slash the slime creature! The slime creature hits you!
* * * LOW HITPOINT WARNING * * *
You slice the slime creature!! You headbutt the slime creature.
The slime creature is heavily wounded.
You hit the slime creature. The slime creature hits you!
* * * LOW HITPOINT WARNING * * *
You gain the combat prowess of a mighty hero.
The slime creature barely misses you. The slime creature closely misses you.
You slice the slime creature!!
The slime creature is almost dead.
You hit the slime creature. The slime creature hits you!
You die...

.....# #.....#. #.
....#######.....#.. #.
####....#....#.....#.. ##
#..+....#....#.....#'#####
#..#....#....#.....#....##
#..#....#....#.....#.....'
#..#....#....#.....#....##
#..#....'J...#.....#....#
######..#....#@J).#))...#....#
#...'...#....#....#......'####
#...#...'....+....)..........#
#...###'#.<.>#.......###.....#
###'##..#....#....#...≈...#....
#....#..#....#####..#...#..#.##
#....#..#....# #.##P..##.#.#
#....#..#....# #.. ......# #
#....#..#....# #≈...>...≈#


You could see 2 slime creatures.

Vanquished Creatures
  A two-headed ogre (D:8)
  Pikel (D:6)
  An unseen horror (D:6)
  A hornet (D:8)
  Grinder (D:3)
  3 slime creatures (D:8)
  Sigmund (D:6)
  2 steam dragons
  Menkaure (D:6)
  An ice beast (D:7)
  A black bear (D:6)
  3 sky beasts
  A necrophage (D:5)
  2 centaurs
  5 ogres
  The ghost of Encipher the Shield-Bearer, an amateur DsFi (D:3)
  A phantom (D:4)
  2 bullfrogs
  A gnoll sergeant (D:8)
  2 scorpions
  2 water moccasin zombies
  The ghost of SirDiesAlot the Sneak, a weakling MiDe (D:5)
  21 wights
  2 centaur zombies (D:5)
  The ghost of Thraspic the Shield-Bearer, a weakling VSFi (D:3)
  2 hounds
  2 bullfrog skeletons
  2 orc priests
  Crazy Yiuf (D:3)
  2 jellies
  Jessica (D:3)
  An iguana (D:6)
  3 orc wizards
  A killer bee zombie (D:6)
  Robin (D:2)
  11 adders
  5 gnolls (D:8)
  A shadow imp (D:6)
  2 white imps (D:6)
  2 worms
  3 dart slugs
  17 orcs
  9 bats
  2 endoplasms
  2 giant cockroaches (D:1)
  22 goblins
  8 hobgoblins
  6 jackals
  9 kobolds
  4 quokkas
  5 ball pythons
  4 frilled lizards (D:2)
  4 rats
191 creatures vanquished.

Vanquished Creatures (others)
  5 fungi (D:8)
  3 plants (D:8)
8 creatures vanquished.

Grand Total: 199 creatures vanquished

Notes
Turn   | Place    | Note
-------+----------+-------------------------------------------
     0 | D:1      | r3xj the Minotaur Fighter began the quest for the Orb.
     0 | D:1      | Reached XP level 1. HP: 19/19 MP: 0/0
   230 | D:1      | Reached XP level 2. HP: 27/27 MP: 1/1
   433 | D:1      | Reached skill level 3 in Axes
   505 | D:1      | Reached XP level 3. HP: 33/33 MP: 2/2
  1437 | D:2      | Noticed Robin
  1481 | D:2      | Reached XP level 4. HP: 11/40 MP: 3/3
  1625 | D:2      | Killed Robin
  2216 | D:2      | Found a faded altar of an unknown god.
  2563 | D:3      | Reached skill level 4 in Axes
  2570 | D:3      | Found a runed translucent gate.
  2570 | D:3      | Found a runed translucent gate.
  2570 | D:3      | Found a runed translucent gate.
  2613 | D:3      | Found a basalt altar of Yredelemnul.
  2664 | D:3      | Noticed Jessica
  2672 | D:3      | Killed Jessica
  2673 | D:3      | Reached XP level 5. HP: 47/47 MP: 4/4
  2999 | D:3      | Noticed Encipher's ghost (amateur DsFi)
  2999 | D:3      | Noticed Thraspic's ghost (weakling VSFi)
  3057 | D:3      | Noticed Grinder
  3066 | D:3      | Paralysed by Grinder for 2 turns
  3075 | D:3      | Killed Grinder
  3076 | D:3      | Reached skill level 5 in Fighting
  3076 | D:3      | Reached skill level 5 in Axes
  3076 | D:3      | Reached skill level 5 in Armour
  3076 | D:3      | Reached skill level 5 in Shields
  3076 | D:3      | Reached XP level 6. HP: 24/56 MP: 5/5
  3452 | D:3      | Found a runed translucent door.
  3453 | D:3      | Noticed Crazy Yiuf
  3648 | D:4      | Reached skill level 6 in Axes
  3832 | D:4      | Reached XP level 7. HP: 56/61 MP: 6/6
  4364 | D:5      | Entered Level 5 of the Dungeon
  4398 | D:5      | Reached skill level 7 in Axes
  4550 | D:5      | Found a transporter.
  5043 | D:5      | Reached XP level 8. HP: 67/71 MP: 7/7
  5084 | D:5      | Found a transporter.
  5092 | D:5      | Reached skill level 8 in Axes
  5092 | D:5      | Noticed SirDiesAlot's ghost (weakling MiDe)
  5316 | D:5      | Identified the +9 shortbow "Qycrer" {vorpal, rC+ Str+3
                  | Int+3}
  5445 | D:5      | Found a staircase to the Ecumenical Temple.
  5952 | Temple   | Entered the Ecumenical Temple
  6230 | Temple   | Became a worshipper of Warmaster Okawaru
  6282 | D:5      | Reached skill level 9 in Axes
  6284 | D:5      | Reached skill level 1 in Dodging
  6287 | D:5      | Killed SirDiesAlot's ghost
  6521 | D:3      | Killed Thraspic's ghost
  6534 | D:3      | Killed Encipher's ghost
  6832 | D:3      | Killed Crazy Yiuf
  7115 | D:6      | Noticed Pikel
  7123 | D:6      | Killed Pikel
  7123 | D:6      | Reached * piety under Okawaru
  7124 | D:6      | Reached skill level 10 in Axes
  7124 | D:6      | Reached XP level 9. HP: 81/81 MP: 8/8
  7314 | D:6      | HP: 3/81 [something (5)]
  7315 | D:6      | Killed an unseen horror
  7803 | D:6      | Noticed Menkaure
  7810 | D:6      | Killed Menkaure
  8129 | D:6      | Reached ** piety under Okawaru
  8549 | D:6      | Reached skill level 11 in Axes
  8586 | D:6      | Noticed Sigmund
  8596 | D:6      | Killed Sigmund
  9499 | D:8      | Reached XP level 10. HP: 90/90 MP: 9/9
  9575 | D:8      | Noticed a two-headed ogre
  9592 | D:8      | Killed a two-headed ogre
  9593 | D:8      | Reached skill level 5 in Dodging
  9597 | D:8      | Reached *** piety under Okawaru
  9614 | D:8      | Reached skill level 12 in Axes
 10326 | D:8      | Found a staircase to the Lair.
 10510 | D:8      | HP: 4/93 [slime creature (12)]
 10512 | D:8      | Mangled by a slime creature

Illustrated notes

Levels and vault maps discovered:
D:1:      dpeg_arrival_boxorama, layout_loops_cross, minmay_pentomino_o4
D:2:      layout_basic, hellmonk_ecumenical_altar_run_dry, uniq_robin
D:3:      layout_loops_ring, amcnicky_altar_gilded, gammafunk_ghost_cemetery,
          chequers_serial_rivers_micro_b, uniq_jessica, uniq_grinder,
          uniq_crazy_yiuf_cottage
D:4:      layout_cave_pools
D:5:      layout_basic, temple_statues, gammafunk_ghost_mausoleum
D:6:      wander_river, layout_loops_corners, uniq_menkaure, uniq_sigmund,
          uniq_pikel
D:7:      layout_rooms
D:8:      layout_gridville, dpeg_oklobed_lair
Temple:   roderic_octagonal_lattice_temple

Skill      XL: |  1  2  3  4  5  6  7  8  9 10 |
---------------+-------------------------------+-----
Armour         | 4 5 |  5.0
Fighting       | 4 5 6 7 8 9 |  9.8
Axes           | 3 4 5 6 7 10 11 12 | 12.9
Shields        | 4 5 6 7 8 9 |  9.7
Dodging        | 2 4 5 |  5.0

Action                   |  1- 3 |  4- 6 |  7- 9 | 10-12 || total
-------------------------+-------+-------+-------+-------++-------
Melee: War axe           |   105 |   110 |   234 |    85 ||   534
       Headbutt          |    12 |    19 |    54 |    21 ||   106
Throw: Dart              |       |       |    49 |       ||    49
Invok: Heroism           |       |       |       |     4 ||     4
  Use: Potion            |       |       |     1 |       ||     1
Armor: Scale mail        |    60 |    50 |    68 |    13 ||   191
Dodge: Dodged            |    53 |    53 |   100 |    29 ||   235
Block: Buckler           |    31 |    18 |    52 |    35 ||   136
       Reflection        |       |       |       |     2 ||     2

Table legend: (Time is in decaauts)
 A = Elapsed time spent in this place.
 B = Non-inter-level travel time spent in this place.
 C = Inter-level travel time spent in this place.
 D = Time resting spent in this place.
 E = Time spent auto-exploring this place.
 F = Levels seen in this place.
 G = Mean time per level.
                   A        B        C        D        E       F      G
               +--------+--------+--------+--------+--------+-----+--------+
         Total |  10588 |  10104 |    484 |   1104 |   7419 |   9 | 1176.4 |
       Dungeon |  10291 |   9834 |    457 |   1104 |   7173 |   8 | 1286.4 |
        Temple |    296 |    269 |     27 |      0 |    246 |   1 |  296.0 |
               +--------+--------+--------+--------+--------+-----+--------+

Top non-repeatable levels by time:
     D:6: 1859 daAuts
     D:5: 1575 daAuts
     D:3: 1482 daAuts
     D:2: 1391 daAuts
     D:1: 1185 daAuts
     D:4: 1084 daAuts
     D:8: 1040 daAuts
     D:7: 672 daAuts
  Temple: 296 daAuts
